 Dungeon Crawl Stone Soup version 0.23.1 (webtiles) character file.

Game seed: 7879869398693135000

56 Borgoz the Skirmisher (level 3, -1/31 HPs)
             Began as a Ghoul Monk on Mar 16, 2019.
             Killed from afar by Sigmund (10 damage)
             ... with a wand of flame (22)
             ... on level 2 of the Dungeon.
             The game lasted 00:02:06 (1538 turns).

Borgoz the Skirmisher (Ghoul Monk)                  Turns: 1538, Time: 00:02:08

Health: -1/31      AC:  2    Str: 14    XL:     3   Next: 95%
Magic:  2/2        EV: 13    Int:  6    God:
Gold:   76         SH:  0    Dex: 11    Spells: 2/2 levels left

rFire    . . .     SeeInvis .   n - +0 dagger (venom)
rCold    + . .     Gourm    .   (no shield)
rNeg     + + +     Faith    +   b - +0 robe
rPois    ∞         Spirit   .   (no helmet)
rElec    .         Reflect  .   (no cloak)
rCorr    .         Harm     .   (no gloves)
MR       .....                  (no boots)
Stlth    ++........             k - amulet of faith
HPRegen  0.00/turn              (no ring)
MPRegen  0.08/turn              (no ring)

@: rotting
A: rotting body, claws 1, carnivore, cold resistance 1, negative energy
resistance 3, inhibited regeneration, torment resistance, unbreathing
a: no special abilities


You were on level 2 of the Dungeon.
You were not hungry.

You visited 1 branch of the dungeon, and saw 2 of its levels.

You collected 76 gold pieces.

Inventory:

Hand Weapons
 n - a +0 dagger of venom (weapon)
Armour
 b - a +0 robe (worn)
Jewellery
 k - an amulet of faith (around neck)
Scrolls
 d - a scroll of enchant armour {unknown}
 e - a scroll of identify {unknown}
 f - 3 scrolls of remove curse {unknown}
 g - 2 scrolls of magic mapping {unknown}
 i - 3 scrolls of teleportation {unknown}
 j - a scroll of enchant weapon {unknown}
 o - a scroll of immolation {unknown}
Potions
 h - a potion of flight {unknown}
 l - a potion of mutation {unknown}
 m - a potion of lignification {unknown}
Comestibles
 a - 5 chunks of flesh
 c - 2 rations


   Skills:
 + Level 3.6 Fighting
 * Level 3.1 Short Blades
 * Level 1.2 Armour
 * Level 3.2 Dodging
 + Level 2.6 Stealth


You had 2 spell levels left.
You didn't know any spells.
Your spell library was empty.

Dungeon Overview and Level Annotations

Branches:
Dungeon (2/15)

Altars:
Nemelex Xobeh

Annotations:
D:2 Sigmund


Innate Abilities, Weirdness & Mutations

Your body is rotting away.
You thrive on raw meat.
You are immune to poison.
You have sharp fingernails.
You are carnivorous and can eat meat at any time.
Your flesh is cold resistant. (rC+)
You are immune to negative energy. (rN+++)
You do not regenerate when monsters are visible.
You are immune to unholy pain and torment.
You can survive without breathing.


Message History

Sigmund completely misses you.
Sigmund is nearby!
Sigmund zaps a wand.
The puff of flame hits you.
You hit Sigmund but do no damage.
Sigmund is poisoned.
You closely miss Sigmund.
Sigmund is lightly wounded.
Sigmund closely misses you.
You barely miss Sigmund.
Sigmund is lightly wounded.
Sigmund zaps a wand.
The puff of flame hits you!
You are too injured to fight recklessly!
You are too injured to fight recklessly!
You hit Sigmund.
Sigmund looks as sick as possible!
Sigmund is lightly wounded.
Sigmund zaps a wand.
The puff of flame hits you!
* * * LOW HITPOINT WARNING * * *
Eat one of 6 chunks of flesh? (ye/n/q)
You eat one of the 6 chunks of flesh.
This raw flesh tastes great!
Sigmund zaps a wand.
The puff of flame hits you!
You die...

## P## ##+###
PP#######....#
P............##########
.............'........#
..#.#####....###@...#.#
###.# #.......+@...#
#.# #.#######....# ♣.♣
##.# ...#.#
♣.♣♣+..#+######.#.#
♣♣♣♣.♣♣##.÷.......#.#
.♣P..♣♣ #....<....#.#
♣....P♣##........##.#
♣..P.♣♣....#####.##.#


You could see Sigmund.

Vanquished Creatures
  An adder (D:2)
  A worm (D:2)
  4 dart slugs
  2 bats (D:1)
  3 giant cockroaches
  5 goblins
  2 hobgoblins
  4 jackals (D:2)
  2 quokkas (D:2)
  2 frilled lizards
  3 kobolds
  3 rats
32 creatures vanquished.

Notes
Turn   | Place    | Note
-------+----------+-------------------------------------------
     0 | D:1      | Borgoz the Ghoul Monk began the quest for the Orb.
     0 | D:1      | Reached XP level 1. HP: 19/19 MP: 0/0
   241 | D:1      | Reached XP level 2. HP: 26/26 MP: 1/1
  1070 | D:2      | Reached skill level 1 in Armour
  1070 | D:2      | Reached XP level 3. HP: 26/31 MP: 2/2
  1372 | D:2      | Found a sparkling altar of Nemelex Xobeh.
  1532 | D:2      | Noticed Sigmund
  1538 | D:2      | Killed from afar by Sigmund

Skill      XL: |  1  2 |
---------------+-------+-----
Short Blades   | 3 |  3.1
Dodging        | 3 |  3.2
Armour         | 1 |  1.2
Fighting       | |  3.6
Stealth        | |  2.6

Action                   || total
-------------------------++-------
Melee: Short sword       ||    45
       Dagger            ||    69
 Stab: Sleeping          ||     4
  Eat: Chunk             ||     9
Armor: Robe              ||    19
Dodge: Dodged            ||    68
